[Event "CAT-chT Honor Division 2019"]
[Site "Catalonia"]
[Date "2019.03.16"]
[Round "8"]
[White "Garcia-Castany Musellas, Gal.la"]
[Black "Boixader Arbo, Xavier"]
[Result "1/2-1/2"]
[ECO "C04"]
[WhiteElo "2175"]
[BlackElo "2150"]
[Annotator "NA"]
[PlyCount "42"]
[EventDate "2019.01.16"]
[EventType "team-tourn"]
[EventCountry "ESP"]
[SourceTitle "playchess.com"]
[Source "ChessBase"]
[SourceQuality "1"]
[TimeControl "5400+30"]

1. e4 e6 2. d4 d5 3. Nd2 Nc6 4. Ngf3 Nf6 5. e5 Nd7 6. c3 f6 7. Bd3 {[%emt 0:05:57] C04: French Tarrasch: 3...Nc6} (7. Bb5 Be7 8. exf6 Bxf6 9. O-O O-O 10. Re1 Re8 11. Nf1 e5 12. dxe5 Ndxe5 13. Bf4 Bg4 14. Bxe5 Rxe5 15. Ne3 Bh5 16. Be2 Bxf3 17. Bxf3 Ne7 18. Qb3 b6 19. Nxd5 Rxe1+ 20. Rxe1 {1-0 (20) Kevlishvili,R (2451)-Riazantsev,A (2649) St Petersburg 2018}) 7... fxe5 8. Nxe5 Ncxe5 9. dxe5 Qg5 $146 ({Predecessor:} 9... Nxe5 10. Qh5+ Nf7 11. h4 g6 12. Qe2 Qe7 13. Nb3 e5 14. f3 c6 15. Be3 Bf5 {½-½ (15) Yatzenko,A (2348)-Sabaev,E (2262) Nabereznye Chelny 2010}) 10. O-O Qxe5 11. Re1 Qd6 12. Qh5+ Kd8 13. Nf3 Be7 14. Qf7 e5 15. Bg5 Re8 16. Qxg7 ({Resist} 16. Bxh7 $6 c6 $16) 16... h6 $2 (16... Bxg5 17. Nxg5 Qf6 18. Qxf6+ Nxf6) 17. Bxh6 Bf6 ({Much worse is} 17... e4 18. Ng5 $18) 18. Bg5 e4 $2 (18... c6 19. Qg6 Rf8) 19. Nd4 Qe5 $16 20. Bxf6+ Nxf6 21. Bb5 Rg8 1/2-1/2

[Event "CAT-chT Honor Division 2019"]
[Site "Catalonia"]
[Date "2019.03.16"]
[Round "8"]
[White "Romero Castejon, Daniel"]
[Black "Ayas Fernandez, Antonio"]
[Result "1/2-1/2"]
[ECO "B30"]
[WhiteElo "2156"]
[BlackElo "2253"]
[Annotator "ChessBase"]
[PlyCount "51"]
[EventDate "2019.01.16"]
[EventType "team-tourn"]
[EventCountry "ESP"]
[SourceTitle "playchess.com"]
[Source "ChessBase"]
[SourceQuality "1"]
[TimeControl "5400+30"]

1. e4 c5 2. Nf3 Nc6 3. c4 e6 4. Nc3 Nf6 5. d3 d6 6. g3 Be7 7. Bg2 O-O 8. O-O a6 9. d4 cxd4 10. Nxd4 Bd7 11. b3 Qc7 12. Bb2 Rac8 13. Rc1 Qb8 14. Kh1 Nxd4 15. Qxd4 b5 16. cxb5 axb5 17. f4 e5 18. Qd2 b4 19. Nd5 Nxd5 20. exd5 f6 21. fxe5 fxe5 22. Be4 Rxc1 23. Qxc1 Bh3 24. Rxf8+ Qxf8 25. Qe1 Bg5 26. a3 1/2-1/2

[Event "CAT-chT Honor Division 2019"]
[Site "Catalonia"]
[Date "2019.03.16"]
[Round "8"]
[White "Draghici Flutur, Gavril"]
[Black "Perez Manas, Benjamin"]
[Result "1-0"]
[ECO "B12"]
[WhiteElo "2097"]
[BlackElo "2303"]
[Annotator "ChessBase"]
[PlyCount "47"]
[EventDate "2019.01.16"]
[EventType "team-tourn"]
[EventCountry "ESP"]
[SourceTitle "playchess.com"]
[Source "ChessBase"]
[SourceQuality "1"]
[TimeControl "5400+30"]

1. e4 c6 2. d4 d5 3. e5 Bf5 4. h4 Qb6 5. c4 dxc4 6. Na3 Qb4+ 7. Bd2 Qxb2 8. Nxc4 Qxd4 9. Nf3 Qe4+ 10. Ne3 Nd7 11. Bc3 Nc5 12. Ng5 Nd3+ 13. Bxd3 Qxd3 14. Qb3 Be6 15. Nxe6 fxe6 16. Rd1 Qb5 17. Qxe6 Rd8 18. Qb3 Ra8 19. Qe6 Rd8 20. Rxd8+ Kxd8 21. Kd2 g6 22. Rd1 Bg7 23. Kc2+ Kc7 24. Qd7+ 1-0

[Event "CAT-chT Honor Division 2019"]
[Site "Catalonia"]
[Date "2019.03.16"]
[Round "8"]
[White "Saldana Caballe, Enric"]
[Black "Ramirez Carrizo, Victor Jose"]
[Result "1/2-1/2"]
[ECO "C01"]
[WhiteElo "2069"]
[BlackElo "2211"]
[Annotator "NA"]
[PlyCount "58"]
[EventDate "2019.01.16"]
[EventType "team-tourn"]
[EventCountry "ESP"]
[SourceTitle "playchess.com"]
[Source "ChessBase"]
[SourceQuality "1"]
[TimeControl "5400+30"]

1. e4 e6 2. d4 d5 3. Bd3 dxe4 4. Bxe4 Nf6 5. Bf3 c5 {LiveBook: 305 Games} 6. c3 Nc6 7. Ne2 e5 8. Bxc6+ bxc6 9. O-O cxd4 10. cxd4 Ba6 11. Re1 Be7 12. Nbc3 O-O 13. Qa4 Bb5 $11 (13... Bxe2) 14. Nxb5 cxb5 15. Qxb5 Rb8 16. Qd3 Bc5 17. Bg5 Bxd4 18. Nxd4 Qxd4 19. Qxd4 exd4 20. Bxf6 gxf6 21. Red1 Rxb2 22. Rxd4 Rc8 23. Rg4+ Kf8 24. a4 Rcc2 25. Rf4 Ke7 26. g3 Ra2 27. Rb1 Rcb2 28. Rc1 Rc2 29. Rb1 Rcb2 1/2-1/2

[Event "CAT-chT Honor Division 2019"]
[Site "Catalonia"]
[Date "2019.03.16"]
[Round "8"]
[White "Alquezar Calpena, Marc"]
[Black "Jareno Badenas, Aleix"]
[Result "0-1"]
[ECO "C06"]
[WhiteElo "1666"]
[BlackElo "2041"]
[Annotator "NA"]
[PlyCount "72"]
[EventDate "2019.01.16"]
[EventType "team-tourn"]
[EventCountry "ESP"]
[SourceTitle "playchess.com"]
[Source "ChessBase"]
[SourceQuality "1"]
[TimeControl "5400+30"]

1. e4 e6 2. d4 d5 3. Nd2 Nf6 4. e5 Nfd7 5. Bd3 c5 6. c3 Nc6 7. Ne2 cxd4 8. cxd4 f6 9. exf6 Nxf6 10. Nf3 Bd6 11. O-O O-O 12. Bg5 Qc7 13. Rc1 Nh5 14. Ng3 Nf4 15. Bb1 g6 16. a3 Qg7 17. Rc3 Bd7 18. Qd2 Rf7 19. Rd1 Raf8 20. Ne2 Nxe2+ 21. Qxe2 h6 22. Be3 g5 23. Qd3 Rf6 24. Rd2 Be8 25. b4 a6 26. h3 Bg6 27. Qf1 Rxf3 28. gxf3 Bh5 29. Qd3 Rxf3 30. Qf1 Rf6 31. Qg2 Bf3 32. Qf1 g4 33. h4 Kh8 34. h5 g3 35. Bg6 g2 36. Qd3 Qc7 0-1

[Event "CAT-chT Honor Division 2019"]
[Site "Catalonia"]
[Date "2019.03.23"]
[Round "9"]
[White "Moskalenko, Viktor"]
[Black "Gonzalez Garcia, Jose"]
[Result "*"]
[ECO "D13"]
[WhiteElo "2515"]
[BlackElo "2492"]
[Annotator "RC"]
[PlyCount "65"]
[EventDate "2019.01.16"]
[EventType "team-tourn"]
[EventCountry "ESP"]
[SourceTitle "playchess.com"]
[Source "ChessBase"]
[SourceQuality "1"]
[WhiteTeam "BCN"]
[BlackTeam "Colon Sabadell"]
[TimeControl "5400+30"]

1. d4 d5 2. c4 c6 3. cxd5 cxd5 4. Nc3 Nf6 5. Bf4 Nc6 6. e3 a6 7. Rc1 Bf5 8. Nf3 e6 9. Qb3 Bb4 10. Ne5 O-O 11. Nxc6 Bxc3+ 12. Qxc3 bxc6 13. h4 Nh5 14. Be5 Nf6 15. Be2 h6 16. f3 Nd7 17. Bd6 Re8 18. g4 Bg6 19. h5 Bh7 20. Kf2 Nb8 21. Bg3 a5 22. b3 a4 23. b4 a3 24. Qc5 Na6 25. Qd6 Qxd6 26. Bxd6 Red8 27. Rxc6 Rxd6 28. Rxd6 Nxb4 29. Rb6 Nd3+ 30. Kg3 g5 31. hxg6 Bxg6 32. Bxd3 Bxd3 33. Rxh6 *

[Event "CAT-chT Honor Division 2019"]
[Site "Catalonia"]
[Date "2019.03.23"]
[Round "9"]
[White "Alonso Moyano, Jonathan"]
[Black "Fernandez Madrid, Carlos"]
[Result "1/2-1/2"]
[ECO "B06"]
[WhiteElo "2374"]
[BlackElo "2042"]
[Annotator "ChessBase"]
[PlyCount "133"]
[EventDate "2019.01.16"]
[EventType "team-tourn"]
[EventCountry "ESP"]
[SourceTitle "playchess.com"]
[Source "ChessBase"]
[SourceQuality "1"]
[WhiteTeam "Barbera"]
[BlackTeam "Sant Josep Badalona"]
[TimeControl "5400+30"]

1. e4 g6 2. d4 Bg7 3. Nf3 d6 4. Bc4 e6 5. Qe2 a6 6. a4 Ne7 7. Bb3 Nd7 8. O-O b6 9. c3 Bb7 10. Bg5 h6 11. Bh4 g5 12. Bg3 Ng6 13. Nbd2 h5 14. h3 g4 15. hxg4 hxg4 16. Nh2 Qg5 17. Nxg4 O-O-O 18. f4 Qh5 19. Kf2 Rde8 20. Rh1 Qxh1 21. Rxh1 Rxh1 22. Qd3 Kb8 23. e5 dxe5 24. fxe5 Rd8 25. Qe2 Ne7 26. Bc2 Rg8 27. Be4 Bxe4 28. Nxe4 Nf5 29. Qxa6 Nxg3 30. Nxg3 Rh4 31. Ne3 Bxe5 32. Ngf1 Bg3+ 33. Ke2 Rh5 34. b4 Rgg5 35. Nxg3 Rxg3 36. a5 bxa5 37. bxa5 Rgg5 38. Qc6 Nf6 39. a6 Rb5 40. Qf3 Rh6 41. Kd3 Rg6 42. g4 e5 43. dxe5 Nd7 44. Nc4 Nc5+ 45. Kd2 Rxa6 46. Qxf7 Nb3+ 47. Kd3 Rc6 48. Ne3 Nc1+ 49. Kd2 Rxe5 50. Nd5 Nb3+ 51. Kc2 Nd4+ 52. Kd3 Ne6 53. Nb4 Rd6+ 54. Kc2 Re2+ 55. Kb3 Nc5+ 56. Kc4 Nd7 57. Kb3 Rdd2 58. Qg8+ Kb7 59. g5 Nb6 60. g6 Rb2+ 61. Ka3 Rb1 62. g7 Rg1 63. Qf7 Reg2 64. Qf3+ Kc8 65. Qf8+ Kb7 66. Qf3+ Kc8 67. Qf8+ 1/2-1/2

[Event "CAT-chT Honor Division 2019"]
[Site "Catalonia"]
[Date "2019.03.23"]
[Round "9"]
[White "Bofill Mas, Alejandro"]
[Black "Hernando Rodrigo, Julio Antonio"]
[Result "1-0"]
[ECO "A37"]
[WhiteElo "2324"]
[BlackElo "2308"]
[Annotator "NA"]
[PlyCount "89"]
[EventDate "2019.01.16"]
[EventType "team-tourn"]
[EventCountry "ESP"]
[SourceTitle "playchess.com"]
[Source "ChessBase"]
[SourceQuality "1"]
[WhiteTeam "Colon Sabadell"]
[BlackTeam "BCN"]
[TimeControl "5400+30"]

1. c4 c5 2. g3 Nc6 3. Bg2 g6 4. Nc3 Bg7 5. Nf3 e5 6. O-O Nge7 7. a3 O-O 8. Rb1 a5 9. Ne1 d6 10. Nc2 Be6 11. Ne3 Rb8 12. d3 {A37: Symmetrical English vs ...g6: 4 Bg2 Bg7 5 Nf3} Qd7 (12... Nd4 13. Ned5 Nxd5 14. cxd5 Bd7 15. a4 b5 16. e3 b4 17. Ne4 Nf5 18. b3 Bc8 19. Nd2 Ba6 20. Qc2 Nh6 21. Bb2 f5 {½-½ (44) Howell,D (2639)-Jones,G (2643) Torquay 2013}) 13. Ned5 Bh3 14. Bxh3 Qxh3 15. b4 Nxd5 16. Nxd5 axb4 17. axb4 cxb4 18. Nxb4 f5 $146 19. Nxc6 bxc6 20. Rxb8 Rxb8 21. Qa4 Rc8 22. Ba3 Bf8 23. Rb1 f4 24. Rb7 Qf5 25. Qa7 g5 26. f3 h5 27. gxf4 Qxf4 28. Rd7 Qf6 29. Qb7 Rd8 30. Rxd8 Qxd8 31. Qxc6 Kg7 32. Kg2 g4 33. Qb7+ Be7 34. fxg4 hxg4 35. c5 Kf6 36. cxd6 Bf8 37. Bb4 Ke6 38. Qc6 Kf5 39. Qe4+ Kf6 40. Qxg4 Qb6 41. Qf3+ (41. d7 $142 Bxb4 42. Qh4+ Kf7 43. d8=Q Qxd8 44. Qxd8 Be7 45. Qc7 Kf8 46. Qxe5) 41... Kg7 42. Qg3+ Kf7 43. Qf2+ Qxf2+ 44. Kxf2 Bh6 45. d7 1-0

[Event "CAT-chT Honor Division 2019"]
[Site "Catalonia"]
[Date "2019.03.23"]
[Round "9"]
[White "Vehi Bach, Victor Manuel"]
[Black "Perpinya Rofes, Lluis Maria"]
[Result "1-0"]
[ECO "B66"]
[WhiteElo "2306"]
[BlackElo "2317"]
[Annotator "NA"]
[PlyCount "70"]
[EventDate "2019.01.16"]
[EventType "team-tourn"]
[EventCountry "ESP"]
[SourceTitle "playchess.com"]
[Source "ChessBase"]
[SourceQuality "1"]
[WhiteTeam "BCN"]
[BlackTeam "Colon Sabadell"]
[TimeControl "5400+30"]

1. e4 c5 2. Nf3 Nc6 3. d4 cxd4 4. Nxd4 Nf6 5. Nc3 d6 6. Bg5 e6 7. Qd2 a6 8. O-O-O h6 9. Nxc6 bxc6 10. Bf4 d5 11. Qe3 Bb4 12. a3 {B66: Sicilian: Richter-Rauzer: 7...a6 8 0-0-0 h6} Ba5 13. exd5 cxd5 14. Be2 O-O 15. Qg3 Kh8 16. Be5 Bd7 17. h4 {[#]} Ra7 $146 ({Predecessor:} 17... Ne8 18. f4 f6 19. Bd4 Nd6 {1-0 (31) Ponomariov,R (2697)-Golubka,P (2503) Batumi 2018}) 18. Qf4 Bc7 19. Bxc7 Rxc7 20. Bxa6 Rxc3 21. bxc3 Ne4 22. Bd3 Nxc3 23. Rde1 Qa5 24. Kb2 d4 25. Qd6 Rd8 26. Re5 $1 Qa7 27. Kc1 Rb8 28. Kd2 Nd5 {[#]} 29. Rb1 $1 {Back Rank} Re8 30. Ke1 f6 31. Rxd5 exd5+ 32. Kf1 Be6 33. Re1 Qf7 34. Bb5 Re7 35. Bc6 Qg6 $18 1-0

[Event "CAT-chT Honor Division 2019"]
[Site "Catalonia"]
[Date "2019.03.23"]
[Round "9"]
[White "Garcia Ramos, Daniel"]
[Black "Chueca Forcen, Alberto"]
[Result "1-0"]
[ECO "C65"]
[WhiteElo "2282"]
[BlackElo "2270"]
[Annotator "ChessBase"]
[PlyCount "91"]
[EventDate "2019.01.16"]
[EventType "team-tourn"]
[EventCountry "ESP"]
[SourceTitle "playchess.com"]
[Source "ChessBase"]
[SourceQuality "1"]
[WhiteTeam "Colon Sabadell"]
[BlackTeam "BCN"]
[TimeControl "5400+30"]

1. e4 e5 2. Nf3 Nc6 3. Bb5 Nf6 4. d3 Bc5 5. c3 d6 6. Nbd2 O-O 7. Nf1 d5 8. Qe2 Re8 9. Bg5 a6 10. Ba4 b5 11. Bb3 dxe4 12. dxe4 h6 13. Rd1 Qe7 14. Bh4 Be6 15. Ne3 Bxe3 16. Qxe3 Bxb3 17. axb3 Ng4 18. Qe2 Qe6 19. b4 Nf6 20. O-O Nd7 21. Ne1 g5 22. Bg3 f6 23. Nc2 Nb6 24. Ne3 Ne7 25. Rd2 Red8 26. Rfd1 Rxd2 27. Rxd2 Kg7 28. f3 Nbc8 29. Rd8 Nb6 30. Rd1 Nbc8 31. Nd5 Ra7 32. Bf2 Rb7 33. Bc5 Ng6 34. Qd2 c6 35. Ne3 Nce7 36. Qd8 Qa2 37. Qa8 Rc7 38. Qb8 Rc8 39. Nf5+ Kh7 40. Qb7 Qa4 41. Re1 Rf8 42. Bxe7 Rf7 43. Qxc6 Qc2 44. Qe6 Rg7 45. Qxf6 Rxe7 46. Nxe7 1-0

[Event "CAT-chT Honor Division 2019"]
[Site "Catalonia"]
[Date "2019.03.23"]
[Round "9"]
[White "Martinez Ramirez, Erik"]
[Black "Barcelo Sola, David"]
[Result "1-0"]
[ECO "B34"]
[WhiteElo "2222"]
[BlackElo "1991"]
[Annotator "NA"]
[PlyCount "99"]
[EventDate "2019.01.16"]
[EventType "team-tourn"]
[EventCountry "ESP"]
[SourceTitle "playchess.com"]
[Source "ChessBase"]
[SourceQuality "1"]
[WhiteTeam "Barbera"]
[BlackTeam "Sant Josep Badalona"]
[TimeControl "5400+30"]

1. e4 c5 2. Nf3 Nc6 3. d4 cxd4 4. Nxd4 g6 5. Nc3 Bg7 6. Be3 Nf6 7. Bc4 O-O 8. Bb3 a5 9. f3 d5 10. Bxd5 {[%emt 0:05:24] B35: Sicilian: Accelerated Dragon with 5 Nc3: main line} (10. exd5 Nb4 11. Nde2 a4 12. Nxa4 Nfxd5 13. Bd4 Bf5 14. Bxg7 Bxc2 15. Bxc2 Ne3 16. Qxd8 Nexc2+ 17. Kf2 Rfxd8 18. Nb6 Ra6 19. Bc3 Nd3+ 20. Kg3 Nxa1 21. Rxa1 Rxb6 {0-1 (34) Drozdowski,K (2507)-Belous,V (2585) Arlington 2016}) 10... Nxd5 11. exd5 Nb4 12. Ndb5 Bf5 13. Rc1 Rc8 14. a3 Qd7 15. axb4 axb4 16. g4 bxc3 17. Nxc3 b5 $146 ({Predecessor:} 17... Bxc3+ 18. bxc3 Rxc3 {1-0 (31) Blaskowski,J (2332)-Reich,T (2368) Austria 2009}) 18. gxf5 b4 19. fxg6 bxc3 20. gxh7+ Kxh7 21. bxc3 Bxc3+ 22. Kf2 Qh3 23. Qd3+ f5 24. Bf4 e5 25. dxe6 Rfd8 26. Bd6 Bb4 27. f4 Bc5+ 28. Bxc5 Rxd3 29. cxd3 Qh4+ 30. Ke3 Qh3+ 31. Kf2 Qh4+ 32. Ke3 Qh3+ 33. Kd4 Rd8+ 34. Ke5 Qxd3 35. Kf6 $11 Re8 36. Kf7 Rg8 37. Rhg1 Qd8 38. Rxg8 Qxg8+ 39. Kf6 Qg6+ 40. Ke5 Qg2 41. Kxf5 Qd5+ 42. Kf6 Qd2 43. Rc4 Qd5 44. Rc3 Qd2 45. Rh3+ Kg8 46. Rg3+ Kh7 47. f5 Qd5 48. Bf8 Qd4+ 49. Kf7 Qd8 50. Rh3+ 1-0

[Event "CAT-chT Honor Division 2019"]
[Site "Catalonia"]
[Date "2019.03.23"]
[Round "9"]
[White "Campins Machado, Francesc"]
[Black "Hernandez, Cristian Andres"]
[Result "0-1"]
[ECO "A06"]
[WhiteElo "2109"]
[BlackElo "2320"]
[Annotator "ChessBase"]
[PlyCount "100"]
[EventDate "2019.01.16"]
[EventType "team-tourn"]
[EventCountry "ESP"]
[SourceTitle "playchess.com"]
[Source "ChessBase"]
[SourceQuality "1"]
[WhiteTeam "Sant Josep Badalona"]
[BlackTeam "Barbera"]
[TimeControl "5400+30"]

1. Nf3 d5 2. c4 e6 3. g3 dxc4 4. Qa4+ Bd7 5. Qxc4 c5 6. Ne5 Nc6 7. Nxd7 Qxd7 8. Bg2 Nf6 9. O-O Be7 10. b3 O-O 11. Bb2 Rac8 12. d3 Nd4 13. Re1 Rfd8 14. Nd2 Nd5 15. a3 b5 16. Qc1 a6 17. Qd1 Nc6 18. Rc1 Na5 19. Qc2 Nb7 20. Qb1 Bg5 21. Rc2 Na5 22. Ba1 Be7 23. Rec1 Nb7 24. Qb2 Bf6 25. Qa2 Bxa1 26. Qxa1 Rc7 27. d4 Qe7 28. dxc5 Rxc5 29. Rxc5 Nxc5 30. Qd4 Nb7 31. b4 a5 32. Bxd5 Rxd5 33. Rc8+ Nd8 34. Qc3 axb4 35. axb4 h6 36. Nf3 Qd6 37. e3 Rd3 38. Qc5 Rd1+ 39. Kg2 Qd3 40. Nd4 Qf1+ 41. Kf3 Rd2 42. Rxd8+ Kh7 43. Nxe6 Rxf2+ 44. Ke4 fxe6 45. Rd3 Rf5 46. Qc2 Rf2 47. Qc8 Qh1+ 48. Ke5 Rf5+ 49. Kd4 Rd5+ 50. Kc3 Qc1+ 0-1

[Event "CAT-chT Honor Division 2019"]
[Site "Catalonia"]
[Date "2019.03.23"]
[Round "9"]
[White "Fernandez Serrano, Pau"]
[Black "Obon Temprano, Sergi"]
[Result "1/2-1/2"]
[ECO "D00"]
[WhiteElo "2033"]
[BlackElo "2273"]
[Annotator "ChessBase"]
[PlyCount "91"]
[EventDate "2019.01.16"]
[EventType "team-tourn"]
[EventCountry "ESP"]
[SourceTitle "playchess.com"]
[Source "ChessBase"]
[SourceQuality "1"]
[WhiteTeam "Sant Josep Badalona"]
[BlackTeam "Barbera"]
[TimeControl "5400+30"]

1. d4 d5 2. Bf4 Nf6 3. e3 e6 4. Nf3 Bd6 5. Bg3 O-O 6. Nbd2 Nc6 7. c3 Qe7 8. Ne5 Nd7 9. Nxc6 bxc6 10. f4 f6 11. Be2 Rb8 12. Rb1 e5 13. O-O c5 14. Nb3 Bb7 15. Bg4 Nb6 16. Na5 Ba8 17. Qd2 cxd4 18. exd4 e4 19. b4 f5 20. Be2 Qe6 21. Bf2 Nc4 22. Nxc4 dxc4 23. Be3 Bd5 24. a3 Ra8 25. Ra1 a5 26. Rfb1 a4 27. Rf1 Kf7 28. Rf2 Ke7 29. Kf1 Kd7 30. Ke1 Kc6 31. Kd1 Rae8 32. Kc2 g5 33. g3 gxf4 34. gxf4 Rg8 35. Kb2 Rg7 36. Raf1 Reg8 37. Bd1 Kb5 38. Qc2 Ra8 39. Rg2 Rxg2 40. Qxg2 Qh6 41. Qf2 Qh3 42. Rg1 Rg8 43. Qc2 Ra8 44. Qf2 Rg8 45. Qc2 Ra8 46. Qf2 1/2-1/2

[Event "CAT-chT Honor Division 2019"]
[Site "Catalonia"]
[Date "2019.03.30"]
[Round "11.4"]
[White "Feher, Adam"]
[Black "Panelo, Marcelo"]
[Result "1/2-1/2"]
[ECO "B54"]
[WhiteElo "2387"]
[BlackElo "2366"]
[Annotator "NA"]
[PlyCount "61"]
[EventDate "2019.01.16"]
[EventType "team-tourn"]
[EventCountry "ESP"]
[SourceTitle "playchess.com"]
[Source "ChessBase"]
[SourceQuality "1"]
[WhiteTeam "EEB"]
[BlackTeam "SJO"]
[TimeControl "5400+30"]

1. e4 c5 2. Nf3 d6 3. d4 cxd4 4. Nxd4 Nf6 5. Nc3 a6 6. g3 e5 7. Nb3 Be7 8. Bg2 O-O 9. a4 {[%emt 0:01:00] B91: Sicilian Najdorf: 6 g3} Bg4 (9... Nc6 10. O-O Nb4 11. a5 Be6 12. Bg5 h6 13. Bxf6 Bxf6 14. Ra4 Nc6 15. Nd5 Rc8 16. c3 g6 17. Nxf6+ Qxf6 18. Qxd6 {½-½ (68) Duda,J (2737)-Grischuk,A (2766) chess.com INT 2018}) 10. Qd3 Nc6 11. Nd5 Rc8 12. Bd2 Nxd5 13. exd5 Nd4 $146 ({Predecessor:} 13... e4 14. Qxe4 Ne5 15. O-O Rc4 16. Qe3 Rxc2 {1-0 (44) Atlas,V (2432)-Forster,R (2458) Switzerland 2017}) 14. Nxd4 exd4 15. O-O Bf6 16. h3 Bd7 17. Rfc1 Re8 18. Qb3 b5 19. axb5 Bxb5 20. c4 dxc3 21. Bxc3 Bxc3 22. Rxc3 Qf6 23. Rxc8 Rxc8 24. Bf1 g6 25. Bxb5 axb5 26. Qxb5 Rc2 27. Qe8+ Kg7 28. Qe3 Rxb2 29. Rd1 Rc2 30. Kg2 Rc3 31. Qe4 $11 1/2-1/2

[Event "CAT-chT Honor Division 2019"]
[Site "Catalonia"]
[Date "2019.03.30"]
[Round "11.5"]
[White "Castrillon Gomez, Melissa"]
[Black "Matnadze, Ana"]
[Result "1/2-1/2"]
[ECO "A05"]
[WhiteElo "2231"]
[BlackElo "2372"]
[Annotator "ChessBase"]
[PlyCount "108"]
[EventDate "2019.01.16"]
[EventType "team-tourn"]
[EventCountry "ESP"]
[SourceTitle "playchess.com"]
[Source "ChessBase"]
[SourceQuality "1"]
[WhiteTeam "SJO"]
[BlackTeam "EEB"]
[TimeControl "5400+30"]

1. Nf3 Nf6 2. c4 e6 3. g3 b6 4. Bg2 Bb7 5. O-O Be7 6. d4 O-O 7. Nc3 Ne4 8. Bd2 f5 9. Be1 Bf6 10. Rc1 d5 11. Ne5 Nd7 12. f3 Nxc3 13. Bxc3 dxc4 14. Nxc4 Qe7 15. e4 Rad8 16. f4 fxe4 17. Qe2 c5 18. Bxe4 cxd4 19. Bxb7 dxc3 20. bxc3 Nc5 21. Be4 Nxe4 22. Qxe4 Qc5+ 23. Kh1 Kh8 24. Rfe1 Qd5 25. Qxd5 exd5 26. Ne5 g5 27. f5 Kg7 28. g4 Rfe8 29. Nc6 Rc8 30. Rxe8 Rxe8 31. Rd1 h5 32. gxh5 Kh6 33. Rxd5 Kxh5 34. Nd4 Kg4 35. Ne6 Rc8 36. Rd3 Kxf5 37. Nd4+ Ke4 38. Rg3 a5 39. Nb5 Rc5 40. c4 Kf4 41. Na3 Bb2 42. Kg2 Bxa3 43. Rxa3 Rxc4 44. Rf3+ Ke5 45. Rb3 Rc6 46. Rb5+ Kf4 47. Rb2 g4 48. Rf2+ Ke3 49. Kg3 Rc4 50. Rb2 Kd4 51. Rxb6 Kc5 52. Rb8 Ra4 53. Rb2 Rd4 54. Kh4 Ra4 1/2-1/2

[Event "CAT-chT Honor Division 2019"]
[Site "Catalonia"]
[Date "2019.03.30"]
[Round "11.6"]
[White "Grafl, Florian, Dr."]
[Black "Gutierrez Clares, Joaquim"]
[Result "1-0"]
[ECO "A03"]
[WhiteElo "2340"]
[BlackElo "2250"]
[Annotator "NA"]
[PlyCount "51"]
[EventDate "2019.01.16"]
[EventType "team-tourn"]
[EventCountry "ESP"]
[SourceTitle "playchess.com"]
[Source "ChessBase"]
[SourceQuality "1"]
[WhiteTeam "EEB"]
[BlackTeam "SJO"]
[TimeControl "5400+30"]

1. f4 d5 2. Nf3 Bg4 3. e3 e6 4. h3 (4. g3 c5 5. Bg2 Nc6 6. O-O Nf6 7. d3 Be7 8. b3 O-O 9. Bb2 b5 10. h3 Bh5 11. Nbd2 Qb6 {0-1 (83) Moussard,J (2579)-Zubov,A (2597) Bastia 2018}) 4... Bxf3 5. Qxf3 c6 6. d4 {[%emt 0:00:20] A03: Bird's Opening with 1...d5} Nd7 7. Bd3 Bd6 8. c4 Ngf6 9. Nc3 Qc7 $146 ({Predecessor:} 9... O-O 10. Bd2 Rc8 11. c5 Bc7 12. O-O Ne8 {0-1 (63) Lasek,F (1804)-Thanatipanonda,T (2101) Koh Lanta Island 2012}) 10. Bd2 a6 11. Rc1 dxc4 12. Bxc4 c5 13. dxc5 Qxc5 14. Bxa6 Rxa6 15. Nd1 Qb5 16. Rc8+ Ke7 17. Rxh8 Nc5 18. Qe2 Nd3+ $1 19. Kf1 Ne4 20. Be1 Rxa2 21. Kg1 $1 ({Don't go for} 21. Rxh7 $2 Ra1 $19) 21... g5 22. Rxh7 (22. Qc2 $1 $14 Ra1 23. Qc8) 22... Qf5 $2 (22... Ra1 $11 23. Kh2 gxf4 24. Bh4+ Kf8 25. exf4 Qf5 {[%mdl 64] Double Attack} 26. Qxd3 Qxh7) 23. Qxd3 Qxh7 $18 (23... Ra1 24. Rh8 Qd5 25. Qxd5 exd5) 24. Nc3 Ra1 25. Nxe4 Rxe1+ 26. Kf2 1-0

[Event "CAT-chT Honor Division 2019"]
[Site "Catalonia"]
[Date "2019.03.30"]
[Round "11.7"]
[White "Hernandez, Cristian Andres"]
[Black "Lorenzo De La Riva, Lazaro"]
[Result "1/2-1/2"]
[ECO "D87"]
[WhiteElo "2320"]
[BlackElo "2397"]
[Annotator "NA"]
[PlyCount "69"]
[EventDate "2019.01.16"]
[EventType "team-tourn"]
[EventCountry "ESP"]
[SourceTitle "playchess.com"]
[Source "ChessBase"]
[SourceQuality "1"]
[WhiteTeam "CE Barbera"]
[BlackTeam "Colon Sabadell Chessy"]
[TimeControl "5400+30"]

1. d4 Nf6 2. c4 g6 3. Nc3 d5 4. cxd5 Nxd5 5. e4 Nxc3 6. bxc3 Bg7 7. Bc4 c5 8. Ne2 O-O 9. O-O Nc6 10. Be3 b6 11. dxc5 {D87: Exchange Grünfeld: Classical Line: Variations without ...cxd4} (11. Rc1 Bb7 12. Qd2 e6 13. Rfd1 Rc8 14. f3 cxd4 15. cxd4 Qd6 16. Bh6 Bxh6 17. Qxh6 Na5 18. Bd3 Rxc1 19. Qxc1 {½-½ (50) Nakamura,H (2746)-Vachier Lagrave,M (2781) London 2018}) 11... Qc7 12. cxb6 axb6 13. Bf4 Ne5 14. Bd5 Ra5 15. Qc2 $146 ({Predecessor:} 15. Qc1 Ba6 16. Re1 Rc8 17. Qe3 Rc5 18. Rac1 e6 19. Bb3 Qa7 20. Bxe5 Bxe5 21. c4 Bf6 22. h3 Qc7 {0-1 (22) Hilgert,V (1695)-Ziegler,M (2167) Eschborn 2013}) 15... Ba6 16. Rfd1 e6 17. Bb3 g5 18. Bg3 Rc5 19. f3 Bxe2 20. Qxe2 Rxc3 21. Qd2 h6 22. Rac1 Rc8 23. Rxc3 Qxc3 24. Qxc3 Rxc3 25. Bf2 b5 26. Bd4 Rc8 27. Kf2 Ra8 28. Ke2 h5 29. g3 Nc6 30. Be3 g4 31. f4 Na5 32. Bc2 Nc4 33. Bb3 Na5 $11 34. Bc2 Nc4 35. Bb3 1/2-1/2

[Event "CAT-chT Honor Division 2019"]
[Site "Catalonia"]
[Date "2019.03.30"]
[Round "11.7"]
[White "Fernandez Madrid, Carlos"]
[Black "Hernando Rodrigo, Julio Antonio"]
[Result "1-0"]
[ECO "E90"]
[WhiteElo "2042"]
[BlackElo "2308"]
[Annotator "ChessBase"]
[PlyCount "127"]
[EventDate "2019.01.16"]
[EventType "team-tourn"]
[EventCountry "ESP"]
[SourceTitle "playchess.com"]
[Source "ChessBase"]
[SourceQuality "1"]
[WhiteTeam "SJO"]
[BlackTeam "EEB"]
[TimeControl "5400+30"]

1. d4 Nf6 2. c4 g6 3. Nc3 Bg7 4. e4 d6 5. Nf3 O-O 6. h3 e5 7. d5 a5 8. Be3 Na6 9. g4 Nc5 10. Nd2 Nfd7 11. Rg1 c6 12. g5 f5 13. h4 cxd5 14. cxd5 f4 15. Bxc5 Nxc5 16. h5 Rf7 17. Qf3 a4 18. hxg6 hxg6 19. Bh3 b5 20. Bxc8 Qxc8 21. a3 Bf8 22. Na2 b4 23. Nxb4 Rb8 24. Rh1 Rfb7 25. Qh3 Qxh3 26. Rxh3 Rxb4 27. axb4 Rxb4 28. O-O-O Rd4 29. Kc2 Be7 30. Rdh1 Rxd2+ 31. Kxd2 Nxe4+ 32. Ke2 Nxg5 33. Ra3 e4 34. Rxa4 Bf6 35. Rg1 f3+ 36. Ke3 Bxb2 37. Rxg5 Bc1+ 38. Kxe4 Bxg5 39. Ra7 Kf8 40. Kxf3 Be7 41. Kg4 Kf7 42. f4 Kf6 43. Rd7 Bf8 44. Rh7 Be7 45. Rh1 Bd8 46. Re1 Kf7 47. Re6 Be7 48. Kf3 Bf8 49. Ke4 Be7 50. Kd4 Bf8 51. Kc4 Be7 52. Kb5 Bh4 53. Kc6 Bg3 54. Re4 Kf6 55. Kxd6 g5 56. Kc6 g4 57. d6 Kf5 58. d7 Bh4 59. Kd5 g3 60. Re5+ Kg4 61. Re8 Kf3 62. f5 g2 63. Rg8 Bd8 64. Ke6 1-0